SA
HOGSMEADE CAULDRONS @ NIAGARA FALLS EXPOS
08/25/2030
 
TOP OF THE 1ST
Hogsmeade Cauldrons batting - Pitching for Niagara Falls Expos : RHP Derek Patton
Pitching: RHP Derek Patton
Batting: RHB Panas Pletnev 0-0: Ball
1-0: Ball
2-0: Ball
3-0: Called Strike
3-1: Fly out, F8 (Flyball, 8LD)
Batting: LHB Jesús Lazcano 0-0: Called Strike
0-1: Foul Ball, location: 2F
0-2: Ball
1-2: Strikes out swinging
Batting: LHB Jin-yong Myung 0-0: DOUBLE (Line Drive, 9LM)
Batting: RHB Mariano Saelices 0-0: DOUBLE (Line Drive, 7LS)
Jin-yong Myung scores
Batting: RHB Akke Derksen 0-0: Ball
1-0: Called Strike
1-1: Ball
2-1: Foul Ball, location: 2F
2-2: Strikes out swinging
Top of the 1st over - 1 run, 2 hits, 0 errors, 1 left on base; Hogsmeade 1 - Niagara Falls 0
BOTTOM OF THE 1ST
Niagara Falls Expos batting - Pitching for Hogsmeade Cauldrons : LHP Ollie McDaniell
Pitching: LHP Ollie McDaniell
Batting: RHB Sergio Torres 0-0: Swinging Strike
0-1: Ball
1-1: Called Strike
1-2: Ball
2-2: Ball
3-2: Strikes out swinging
Batting: RHB José Medina 0-0: Called Strike
0-1: Swinging Strike
0-2: Strikes out swinging
Batting: RHB Hsi-men King 0-0: Ball
1-0: Ball
2-0: Swinging Strike
2-1: Called Strike
2-2: Strikes out looking
Bottom of the 1st over - 0 runs, 0 hits, 0 errors, 0 left on base; Hogsmeade 1 - Niagara Falls 0
TOP OF THE 2ND
Hogsmeade Cauldrons batting - Pitching for Niagara Falls Expos : RHP Derek Patton
Batting: RHB Nelson Rivera 0-0: Swinging Strike
0-1: Ball
1-1: Ball
2-1: Ball
3-1: Called Strike
3-2: Foul Ball, location: 2F
3-2: Fly out, F8 (Flyball, 8RD)
Batting: RHB Diederick Tuiters 0-0: Ground out 5-3 (Groundball, 56)
Batting: LHB Pedro Reyes 0-0: Ball
1-0: Ball
2-0: Ball
3-0: Base on Balls
Batting: RHB Graeme Dormer 0-0: Ball
1-0: Foul Ball, location: 2F
1-1: Foul Ball, location: 2F
1-2: Ball
2-2: Strikes out swinging
Top of the 2nd over - 0 runs, 0 hits, 0 errors, 1 left on base; Hogsmeade 1 - Niagara Falls 0
BOTTOM OF THE 2ND
Niagara Falls Expos batting - Pitching for Hogsmeade Cauldrons : LHP Ollie McDaniell
Batting: RHB Jesús Herrera 0-0: Ball
1-0: Foul Ball, location: 2F
1-1: Foul Ball, location: 2F
1-2: Foul Ball, location: 2F
1-2: Strikes out swinging
Batting: RHB Min-tae Yi 0-0: Ball
1-0: Fly out, F9 (Flyball, 9D)
Batting: RHB Domingo Altamirańo 0-0: Ball
1-0: Ball
2-0: Foul Ball, location: 2F
2-1: Foul Ball, location: 2F
2-2: Ground out 3-1 (Groundball, 34)
Bottom of the 2nd over - 0 runs, 0 hits, 0 errors, 0 left on base; Hogsmeade 1 - Niagara Falls 0
TOP OF THE 3RD
Hogsmeade Cauldrons batting - Pitching for Niagara Falls Expos : RHP Derek Patton
Batting: RHB Panas Pletnev 0-0: TRIPLE (Flyball, 89XD)
Batting: LHB Jesús Lazcano 0-0: Foul Ball, location: 2F
0-1: Called Strike
0-2: Strikes out swinging
Batting: LHB Jin-yong Myung 0-0: Ball
1-0: Foul Ball, location: 2F
1-1: SINGLE (Line Drive, 34)
Panas Pletnev scores
Batting: RHB Mariano Saelices 0-0: Called Strike
0-1: Called Strike
0-2: Ball
1-2: SINGLE (Groundball, 34S) (infield hit)
Jin-yong Myung to second
Batting: RHB Akke Derksen 0-0: Ball
1-0: SINGLE (Line Drive, 89S)
Jin-yong Myung to third
Mariano Saelices to second
Batting: RHB Nelson Rivera 0-0: Called Strike
0-1: Fly out, F9 (Flyball, 89S)
Runner from 3rd tags up, SCORES, no throw
Batting: RHB Diederick Tuiters 0-0: Ball
1-0: Ball
2-0: Ball
3-0: Called Strike
3-1: Base on Balls
Mariano Saelices to third
Akke Derksen to second
Batting: LHB Pedro Reyes 0-0: Called Strike
0-1: SINGLE (Groundball, 34D)
Mariano Saelices scores
Akke Derksen to third
Diederick Tuiters to second
Runner from 3rd tries for Home, SAFE, throw made home
Pitching: RHP Tony Wolfe
Batting: RHB Graeme Dormer 0-0: Fly out, F8 (Flyball, 8RD)
Top of the 3rd over - 4 runs, 5 hits, 0 errors, 2 left on base; Hogsmeade 5 - Niagara Falls 0
BOTTOM OF THE 3RD
Niagara Falls Expos batting - Pitching for Hogsmeade Cauldrons : LHP Ollie McDaniell
Batting: RHB Bobson Dugnutt 0-0: Called Strike
0-1: Ball
1-1: Swinging Strike
1-2: Hit by Pitch
Batting: RHB Rio Clark 0-0: Ball
1-0: Called Strike
1-1: Foul Ball, location: 2F
1-2: TRIPLE (Flyball, 8RXD)
Bobson Dugnutt scores
Batting: LHB Sébastien Cornu 0-0: Ball
1-0: Ball
2-0: Called Strike
2-1: Ball
3-1: Foul Ball, location: 2F
3-2: Strikes out looking
Batting: RHB Sergio Torres 0-0: Swinging Strike
0-1: SINGLE (Groundball, 4MS) (infield hit)
Rio Clark scores
Batting: RHB José Medina 0-0: Ball
1-0: 2-RUN HOME RUN (Line Drive, 7D), Distance : 376 ft
Batting: RHB Hsi-men King 0-0: Foul Ball, location: 2F
0-1: Ball
1-1: Ground out 5-3 (Groundball, 56)
Batting: RHB Jesús Herrera 0-0: Foul Ball, location: 2F
0-1: Called Strike
0-2: Foul Ball, location: 2F
0-2: Ground out 5-3 (Groundball, 5)
Bottom of the 3rd over - 4 runs, 3 hits, 0 errors, 0 left on base; Hogsmeade 5 - Niagara Falls 4
TOP OF THE 4TH
Hogsmeade Cauldrons batting - Pitching for Niagara Falls Expos : RHP Tony Wolfe
Batting: RHB Panas Pletnev 0-0: Called Strike
0-1: Ball
1-1: Called Strike
1-2: Ball
2-2: Foul Ball, location: 2F
2-2: Ball
3-2: Strikes out swinging
Batting: LHB Jesús Lazcano 0-0: Called Strike
0-1: SINGLE (Flyball, 9LS)
Batting: LHB Jin-yong Myung 0-0: Called Strike
0-1: Ball
1-1: Called Strike
1-2: Ball
2-2: Fly out, F8 (Flyball, 8LM)
Batting: RHB Mariano Saelices 0-0: Ball
1-0: Swinging Strike
1-1: Ball
2-1: Ball
3-1: Called Strike
3-2: Foul Ball, location: 2F
3-2: Base on Balls
Jesús Lazcano to second
Batting: RHB Akke Derksen 0-0: Ball
1-0: Foul Ball, location: 2F
1-1: Swinging Strike
1-2: Foul Ball, location: 2F
1-2: Strikes out looking
Top of the 4th over - 0 runs, 1 hit, 0 errors, 2 left on base; Hogsmeade 5 - Niagara Falls 4
BOTTOM OF THE 4TH
Niagara Falls Expos batting - Pitching for Hogsmeade Cauldrons : LHP Ollie McDaniell
Batting: RHB Min-tae Yi 0-0: Ball
1-0: Swinging Strike
1-1: Ball
2-1: Called Strike
2-2: Strikes out swinging
Batting: RHB Domingo Altamirańo 0-0: Fly out, F3 (Line Drive, 3)
Batting: RHB Bobson Dugnutt 0-0: Ball
1-0: Foul Ball, location: 2F
1-1: Ground out 5-3 (Groundball, 56S)
Bottom of the 4th over - 0 runs, 0 hits, 0 errors, 0 left on base; Hogsmeade 5 - Niagara Falls 4
TOP OF THE 5TH
Hogsmeade Cauldrons batting - Pitching for Niagara Falls Expos : RHP Tony Wolfe
Batting: RHB Nelson Rivera 0-0: Ball
1-0: Foul Ball, location: 2F
1-1: Fly out, F9 (Flyball, 9LSF)
Batting: RHB Diederick Tuiters 0-0: Swinging Strike
0-1: Swinging Strike
0-2: Foul Ball, location: 2F
0-2: Ball
1-2: Strikes out swinging
Batting: LHB Pedro Reyes 0-0: Ball
1-0: Foul Ball, location: 2F
1-1: Swinging Strike
1-2: Foul Ball, location: 2F
1-2: Strikes out swinging
Top of the 5th over - 0 runs, 0 hits, 0 errors, 0 left on base; Hogsmeade 5 - Niagara Falls 4
BOTTOM OF THE 5TH
Niagara Falls Expos batting - Pitching for Hogsmeade Cauldrons : LHP Ollie McDaniell
Batting: RHB Rio Clark 0-0: Called Strike
0-1: Called Strike
0-2: Ball
1-2: Ball
2-2: Strikes out swinging
Batting: LHB Sébastien Cornu 0-0: Called Strike
0-1: Called Strike
0-2: Ball
1-2: Strikes out swinging
Batting: RHB Sergio Torres 0-0: Foul Ball, location: 2F
0-1: Hit by Pitch
Batting: RHB José Medina 0-0: Ball
1-0: Swinging Strike
1-1: Swinging Strike
1-2: Foul Ball, location: 2F
1-2: Strikes out looking
Bottom of the 5th over - 0 runs, 0 hits, 0 errors, 1 left on base; Hogsmeade 5 - Niagara Falls 4
TOP OF THE 6TH
Hogsmeade Cauldrons batting - Pitching for Niagara Falls Expos : RHP Tony Wolfe
Batting: RHB Graeme Dormer 0-0: Called Strike
0-1: Ball
1-1: Foul Ball, location: 2F
1-2: Ball
2-2: Ball
3-2: Foul Ball, location: 2F
3-2: Foul Ball, location: 2F
3-2: Foul Ball, location: 2F
3-2: Base on Balls
Batting: RHB Panas Pletnev 0-0: Bunted foul
0-1: Sac Bunt - play at first, batter safe!
Graeme Dormer to second
Batting: LHB Jesús Lazcano 0-0: Ball
1-0: Fielders Choice at 2nd, 4-6 (Groundball, 4D)
Graeme Dormer to third
Batting: LHB Jin-yong Myung 0-0: Swinging Strike
0-1: Swinging Strike
0-2: Ball
1-2: Fly out, F8 (Flyball, 89D)
Runner from 3rd tags up, SCORES, no throw
Pitching: RHP Don Cantrell
Batting: RHB Mariano Saelices 0-0: Ball
1-0: Ball
2-0: Called Strike
2-1: Fly out, F9 (Flyball, 9D)
Top of the 6th over - 1 run, 1 hit, 0 errors, 1 left on base; Hogsmeade 6 - Niagara Falls 4
BOTTOM OF THE 6TH
Niagara Falls Expos batting - Pitching for Hogsmeade Cauldrons : LHP Ollie McDaniell
Batting: RHB Hsi-men King 0-0: Called Strike
0-1: Swinging Strike
0-2: Strikes out swinging
Batting: RHB Jesús Herrera 0-0: Ball
1-0: Called Strike
1-1: Ball
2-1: Swinging Strike
2-2: Ball
3-2: Strikes out swinging, 2-3 out at first.
Batting: RHB Min-tae Yi 0-0: Fly out, F8 (Flyball, 8RD)
Bottom of the 6th over - 0 runs, 0 hits, 0 errors, 0 left on base; Hogsmeade 6 - Niagara Falls 4
TOP OF THE 7TH
Hogsmeade Cauldrons batting - Pitching for Niagara Falls Expos : RHP Don Cantrell
Batting: RHB Akke Derksen 0-0: Called Strike
0-1: Swinging Strike
0-2: Foul Ball, location: 2F
0-2: Strikes out swinging
Batting: RHB Nelson Rivera 0-0: Ball
1-0: Ground out 5-3 (Groundball, 5)
Batting: RHB Diederick Tuiters 0-0: Ball
1-0: Ball
2-0: Called Strike
2-1: SINGLE (Groundball, 3D)
Batting: LHB Pedro Reyes 0-0: Called Strike
0-1: Ball
1-1: Called Strike
1-2: Strikes out swinging
Top of the 7th over - 0 runs, 1 hit, 0 errors, 1 left on base; Hogsmeade 6 - Niagara Falls 4
BOTTOM OF THE 7TH
Niagara Falls Expos batting - Pitching for Hogsmeade Cauldrons : LHP Ollie McDaniell
Batting: RHB Domingo Altamirańo 0-0: Fly out, F8 (Flyball, 8RD)
Batting: RHB Bobson Dugnutt 0-0: Ball
1-0: Ball
2-0: Called Strike
2-1: Foul Ball, location: 2F
2-2: Foul Ball, location: 2F
2-2: Foul Ball, location: 2F
2-2: Strikes out swinging
Batting: RHB Rio Clark 0-0: Fly out, F8 (Flyball, 8LM)
Bottom of the 7th over - 0 runs, 0 hits, 0 errors, 0 left on base; Hogsmeade 6 - Niagara Falls 4
TOP OF THE 8TH
Hogsmeade Cauldrons batting - Pitching for Niagara Falls Expos : RHP Don Cantrell
Pitching: RHP Pat Clement
Batting: RHB Graeme Dormer 0-0: Ball
1-0: Ball
2-0: Called Strike
2-1: Called Strike
2-2: Foul Ball, location: 2F
2-2: Strikes out looking
Batting: RHB Panas Pletnev 0-0: Called Strike
0-1: Swinging Strike
0-2: Strikes out swinging
Batting: LHB Jesús Lazcano 0-0: Called Strike
0-1: Called Strike
0-2: Foul Ball, location: 2F
0-2: Ball
1-2: Ball
2-2: Ball
3-2: Strikes out swinging
Top of the 8th over - 0 runs, 0 hits, 0 errors, 0 left on base; Hogsmeade 6 - Niagara Falls 4
BOTTOM OF THE 8TH
Niagara Falls Expos batting - Pitching for Hogsmeade Cauldrons : LHP Ollie McDaniell
Batting: LHB Sébastien Cornu 0-0: Called Strike
0-1: Fly out, F8 (Line Drive, 89D)
Batting: RHB Sergio Torres 0-0: Fly out, F3 (Popup, 3DF)
Batting: RHB José Medina 0-0: Called Strike
0-1: Ball
1-1: Fly out, F6 (Popup, 6M)
Bottom of the 8th over - 0 runs, 0 hits, 0 errors, 0 left on base; Hogsmeade 6 - Niagara Falls 4
TOP OF THE 9TH
Hogsmeade Cauldrons batting - Pitching for Niagara Falls Expos : RHP Pat Clement
Batting: LHB Jin-yong Myung 0-0: Swinging Strike
0-1: Ball
1-1: Ball
2-1: Foul Ball, location: 2F
2-2: Strikes out swinging
Batting: RHB Mariano Saelices 0-0: DOUBLE (Groundball, 5L)
Batting: RHB Akke Derksen 0-0: Intentional Walk
Batting: RHB Nelson Rivera 0-0: Called Strike
0-1: Ball
1-1: Called Strike
1-2: Foul Ball, location: 2F
1-2: Foul Ball, location: 2F
1-2: Ball
2-2: Hit by Pitch
Mariano Saelices to third
Akke Derksen to second
Pitching: RHP Carlos Díaz
Batting: RHB Diederick Tuiters 0-0: Called Strike
0-1: Called Strike
0-2: Ball
1-2: Ball
2-2: Foul Ball, location: 2F
2-2: Strikes out looking
Batting: LHB Pedro Reyes 0-0: Swinging Strike
0-1: Ground out 5-3 (Groundball, 56S)
Top of the 9th over - 0 runs, 1 hit, 0 errors, 3 left on base; Hogsmeade 6 - Niagara Falls 4
BOTTOM OF THE 9TH
Niagara Falls Expos batting - Pitching for Hogsmeade Cauldrons : LHP Ollie McDaniell
Batting: RHB Hsi-men King 0-0: Fly out, F7 (Flyball, 7LS)
Batting: RHB Jesús Herrera 0-0: Foul Ball, location: 2F
0-1: Swinging Strike
0-2: Ball
1-2: Ball
2-2: Strikes out swinging
Batting: RHB Min-tae Yi 0-0: Foul Ball, location: 2F
0-1: Ball
1-1: Foul Ball, location: 2F
1-2: Ball
2-2: Ball
3-2: Base on Balls
Batting: RHB Domingo Altamirańo 0-0: Ball
1-0: 2-RUN HOME RUN (Flyball, 7D), Distance : 379 ft
Pitching: RHP Rauno Seales
Batting: RHB Bobson Dugnutt 0-0: Fly out, F7 (Line Drive, 78M)
Bottom of the 9th over - 2 runs, 1 hit, 0 errors, 0 left on base; Hogsmeade 6 - Niagara Falls 6
TOP OF THE 10TH
Hogsmeade Cauldrons batting - Pitching for Niagara Falls Expos : RHP Carlos Díaz
Batting: RHB Graeme Dormer 0-0: Foul Ball, location: 2F
0-1: Called Strike
0-2: Ball
1-2: Foul Ball, location: 2F
1-2: Ball
2-2: Ball
3-2: Ground out 5-3 (Groundball, 56)
Batting: RHB Panas Pletnev 0-0: Called Strike
0-1: Foul Ball, location: 2F
0-2: Ball
1-2: Ball
2-2: Ball
3-2: SINGLE (Line Drive, 9S)
Batting: LHB Jesús Lazcano 0-0: Swinging Strike
0-1: Swinging Strike
0-2: Ball
1-2: Strikes out swinging
Batting: LHB Jin-yong Myung 0-0: Ground out 4-3 (Groundball, 34)
Top of the 10th over - 0 runs, 1 hit, 0 errors, 1 left on base; Hogsmeade 6 - Niagara Falls 6
BOTTOM OF THE 10TH
Niagara Falls Expos batting - Pitching for Hogsmeade Cauldrons : RHP Rauno Seales
Pinch Hitting: RHB David Austin 0-0: Ball
1-0: Called Strike
1-1: Ball
2-1: Called Strike
2-2: Strikes out swinging
Pinch Hitting: RHB Francisco Valentín 0-0: Called Strike
0-1: Called Strike
0-2: Fly out, F9 (Flyball, 9LM)
Batting: RHB Sergio Torres 0-0: Ball
1-0: Swinging Strike
1-1: Ball
2-1: Ground out 6-3 (Groundball, 6MS)
Bottom of the 10th over - 0 runs, 0 hits, 0 errors, 0 left on base; Hogsmeade 6 - Niagara Falls 6
TOP OF THE 11TH
Hogsmeade Cauldrons batting - Pitching for Niagara Falls Expos : RHP Carlos Díaz
Now at C: Brodie Floyd
Now in LF: Francisco Valentín
Batting: RHB Mariano Saelices 0-0: Called Strike
0-1: Called Strike
0-2: Foul Ball, location: 2F
0-2: Ball
1-2: Ball
2-2: Strikes out swinging
Batting: RHB Akke Derksen 0-0: Ball
1-0: Ball
2-0: Called Strike
2-1: Ball
3-1: Base on Balls
Batting: RHB Nelson Rivera 0-0: Ball
1-0: Foul Ball, location: 2F
1-1: Hit by Pitch
Akke Derksen to second
Batting: RHB Diederick Tuiters 0-0: Called Strike
0-1: Foul Ball, location: 2F
0-2: Ground out 5-3 (Groundball, 56S)
Akke Derksen to third
Nelson Rivera to second
Batting: LHB Pedro Reyes 0-0: Called Strike
0-1: Ball
1-1: Ball
2-1: Ball
3-1: Base on Balls
Batting: RHB Graeme Dormer 0-0: Foul Ball, location: 2F
0-1: Ball
1-1: Fly out, F9 (Flyball, 89XD)
Top of the 11th over - 0 runs, 0 hits, 0 errors, 3 left on base; Hogsmeade 6 - Niagara Falls 6
BOTTOM OF THE 11TH
Niagara Falls Expos batting - Pitching for Hogsmeade Cauldrons : RHP Rauno Seales
Batting: RHB José Medina 0-0: Called Strike
0-1: Fly out, F2 (Popup, 23F)
Batting: RHB Hsi-men King 0-0: Ball
1-0: Ball
2-0: Ground out 5-3 (Groundball, 56S)
Batting: RHB Jesús Herrera 0-0: Ball
1-0: Called Strike
1-1: Foul Ball, location: 2F
1-2: Foul Ball, location: 2F
1-2: Foul Ball, location: 2F
1-2: Strikes out swinging
Bottom of the 11th over - 0 runs, 0 hits, 0 errors, 0 left on base; Hogsmeade 6 - Niagara Falls 6
TOP OF THE 12TH
Hogsmeade Cauldrons batting - Pitching for Niagara Falls Expos : RHP Carlos Díaz
Pitching: RHP Dao-zi Zhai
Batting: RHB Panas Pletnev 0-0: Foul Ball, location: 2F
0-1: Ground out 4-3 (Groundball, 4)
Batting: LHB Jesús Lazcano 0-0: Foul Ball, location: 2F
0-1: Foul Ball, location: 2F
0-2: Ball
1-2: Ball
2-2: Strikes out swinging
Batting: LHB Jin-yong Myung 0-0: Ball
1-0: Ball
2-0: Foul Ball, location: 2F
2-1: Called Strike
2-2: Ball
3-2: Strikes out swinging
Top of the 12th over - 0 runs, 0 hits, 0 errors, 0 left on base; Hogsmeade 6 - Niagara Falls 6
BOTTOM OF THE 12TH
Niagara Falls Expos batting - Pitching for Hogsmeade Cauldrons : RHP Rauno Seales
Batting: RHB Min-tae Yi 0-0: Ball
1-0: Called Strike
1-1: Ball
2-1: DOUBLE (Line Drive, 9LM)
Batting: RHB Domingo Altamirańo 0-0: SINGLE (Groundball, 34D)
Min-tae Yi to third
Runner from 3rd tries for Home, SAFE, no throw
Sunday, March 18th, 2018 - OOTP Baseball 18.8 Build 76